 Dungeon Crawl Stone Soup version 0.22.1-2-g9c5b331 (webtiles) character file.

707 empire the Carver (level 7, -4/59 HPs)
             Began as a Minotaur Fighter on Nov 30, 2018.
             Killed by divine providence
             ... invoked by an orc priest
              (14 damage)
             ... on level 6 of the Dungeon.
             The game lasted 00:07:48 (4150 turns).

empire the Carver (Minotaur Fighter)                Turns: 4150, Time: 00:07:48

Health: -4/59      AC: 11    Str: 22    XL:     7   Next: 40%
Magic:  6/6        EV:  5    Int: 14    God:
Gold:   234        SH:  9    Dex: 10    Spells: 0/6 levels left

rFire    . . .     SeeInvis .   a - +0 long sword
rCold    + . .     Gourm    .   c - +0 shield
rNeg     . . .     Faith    .   u - +0 plate armour
rPois    .         Spirit   .   (helmet restricted)
rElec    .         Reflect  .   (no cloak)
rCorr    .         Harm     .   (no gloves)
MR       .....                  (no boots)
Stlth    ..........             (no amulet)
HPRegen  0.19/turn              k - +4 ring of intelligence
MPRegen  0.10/turn              m - ring of protection from cold

@: brilliant
A: retaliatory headbutt, horns 2
a: no special abilities


You were on level 6 of the Dungeon.
You were not hungry.

You visited 1 branch of the dungeon, and saw 6 of its levels.

You collected 234 gold pieces.

Inventory:

Hand Weapons
 a - a +0 long sword (weapon)
Armour
 c - a +0 shield (worn)
 u - a +0 plate armour (worn)
Jewellery
 k - a +4 ring of intelligence (left hand)
 m - a ring of protection from cold (right hand)
 w - an uncursed ring of flight
 y - a +3 ring of intelligence
Scrolls
 b - a scroll of magic mapping {unknown}
 g - 3 scrolls of remove curse {unknown}
 h - 2 scrolls of immolation {unknown}
 i - 7 scrolls of identify {unknown}
 j - a scroll of noise {unknown}
 l - 3 scrolls of teleportation {unknown}
 p - 3 scrolls of enchant armour {unknown}
 r - a scroll of blinking {unknown}
 t - 2 scrolls of fog {unknown}
 v - a scroll of fear {unknown}
Potions
 d - 2 potions of might
 e - a potion of brilliance
 n - a potion of agility {unknown}
 o - a potion of curing {unknown}
 q - a potion of heal wounds {unknown}
 s - a potion of degeneration {unknown}
Comestibles
 f - 13 rations
 x - 8 chunks of flesh


   Skills:
 - Level 4.0 Fighting
 * Level 8.3 Long Blades
 - Level 4.0 Armour
 - Level 4.0 Dodging
 - Level 4.1 Shields


You couldn't memorise any spells.
You knew the following spells:

 Your Spells              Type           Power        Failure   Level  Hunger
a - Blink                 Tloc           N/A          95%         2    ###....
b - Call Imp              Summ           #.......     95%         2    ###....
c - Slow                  Hex            #.......     95%         2    ###....

Your spell library contained the following spells:

 Spells                   Type           Power        Failure   Level  Hunger
 Apportation              Tloc           #.....       88%         1    ##.....
 Magic Dart               Conj           #...         88%         1    ##.....
 Shock                    Conj/Air       #...         88%         1    ##.....
 Swiftness                Chrm/Air       #.......     95%         2    ###....
 Conjure Flame            Conj/Fire      #.......     99%         3    ####...
 Mephitic Cloud           Conj/Pois/Air  #.......     99%         3    ####...
 Static Discharge         Conj/Air       #.......     99%         3    ####...
 Airstrike                Air            #.........   100%        4    #####..
 Lightning Bolt           Conj/Air       #.........   100%        5    ######.


Dungeon Overview and Level Annotations

Branches:
Dungeon (6/15)
 Temple: D:4-7

Altars:
Kikubaaqudgha
Makhleb
Nemelex Xobeh
Ru
Sif Muna
Uskayaw
Vehumet

Annotations:
D:6 2 runed doors, Curus's ghost, novice MfGl


Innate Abilities, Weirdness & Mutations

You reflexively headbutt those who attack you in melee.
You have a pair of horns on your head.


Message History

The orc priest is heavily wounded.
You block the adder's attack. The orc priest hits you.
The orc priest mumbles some strange prayers to Beogh against you.
Pain shoots through your body! The adder bites you but does no damage.
It was a potion of brilliance.
You feel clever all of a sudden. The orc hits you but does no damage.
You block the orc priest's attack. You block the adder's attack.
The orc priest mumbles some strange prayers to Beogh against you.
You struggle to resist.
The orc priest looks satisfied for a moment.
The orc priest invokes the aid of Beogh against you.
Pain shoots through your body!
* * * LOW HITPOINT WARNING * * *
The adder bites you but does no damage. The orc barely misses you.
You furiously retaliate!
You headbutt the orc!
You kill the orc!
The orc priest mumbles some strange prayers to Beogh against you.
Beogh smites you!
You die...

.......# ##..§§#.#.# ..####.##
#^=≈.≈+...# ..#..#..#
##.≈#.+...#
..#.)'..############...≈≈#.#.#
..####............####..^#.#.#
.......#####......# #.##.###.#
.......# #......# ## ## #.#
####..## #......# #.#
##.######.o.S@.# #.#
#.........)o..# #.#
######....##### #.# #....# #.#
########....### #.#
#.o.o.........# #.#
#.######....#.# #.# #.#
#....#.######## #.#


ooo #.............# #.# You could see 2 orc priests and an adder.

Vanquished Creatures
  2 bullfrogs
  A scorpion (D:4)
  A howler monkey (D:5)
  2 crimson imps (D:5)
  A quasit (D:5)
  An iguana (D:2)
  2 orc wizards
  4 worker ants
  A hound skeleton (D:4)
  9 adders
  An ooze (D:3)
  6 worms
  2 dart slugs (D:1)
  5 leopard geckos
  13 orcs
  4 giant cockroaches
  8 goblins
  8 hobgoblins
  2 jackals (D:1)
  2 quokkas
  7 bats
  3 frilled lizards
  10 kobolds
  7 rats
102 creatures vanquished.

Notes
Turn   | Place    | Note
-------+----------+-------------------------------------------
     0 | D:1      | empire the Minotaur Fighter began the quest for the Orb.
     0 | D:1      | Reached XP level 1. HP: 19/19 MP: 0/0
    97 | D:1      | Reached XP level 2. HP: 27/27 MP: 1/1
   130 | D:1      | Reached skill level 3 in Long Blades
   847 | D:1      | Reached XP level 3. HP: 33/33 MP: 2/2
  1012 | D:2      | Reached skill level 1 in Dodging
  1319 | D:2      | Found a hide-covered altar of Uskayaw.
  1395 | D:2      | Reached XP level 4. HP: 40/40 MP: 3/3
  1713 | D:2      | Found a radiant altar of Vehumet.
  1717 | D:2      | Found an ancient bone altar of Kikubaaqudgha.
  1718 | D:2      | Found a deep blue altar of Sif Muna.
  1729 | D:2      | Identified Sif Muna's Papyrus of Dislocation
  1767 | D:2      | Reached skill level 4 in Long Blades
  2064 | D:3      | Noticed a bullfrog
  2071 | D:3      | Killed a bullfrog
  2071 | D:3      | Reached skill level 5 in Long Blades
  2071 | D:3      | Reached XP level 5. HP: 42/46 MP: 4/4
  2104 | D:3      | Found a sparkling altar of Nemelex Xobeh.
  2956 | D:4      | Reached XP level 6. HP: 49/52 MP: 5/5
  3005 | D:4      | Reached skill level 6 in Long Blades
  3357 | D:5      | Entered Level 5 of the Dungeon
  3368 | D:5      | Reached skill level 7 in Long Blades
  3374 | D:5      | Reached XP level 7. HP: 38/59 MP: 6/6
  3559 | D:5      | Learned a level 2 spell: Blink
  3562 | D:5      | Learned a level 2 spell: Call Imp
  3565 | D:5      | Learned a level 2 spell: Slow
  3569 | D:5      | Found a sacrificial altar of Ru.
  3602 | D:5      | Found a burning altar of Makhleb.
  3837 | D:6      | Reached skill level 8 in Long Blades
  4018 | D:6      | Found a large runed door.
  4018 | D:6      | Found a large runed door.
  4023 | D:6      | Noticed Curus's ghost (novice MfGl)
  4150 | D:6      | Killed from afar by an orc priest

Skill      XL: |  1  2  3  4  5  6  7 |
---------------+----------------------+-----
Long Blades    | 3 5 7 8 |  8.3
Armour         | 4 |  4.0
Dodging        | 1 2 3 4 |  4.0
Fighting       | 4 |  4.0
Shields        | 4 |  4.1

Action                   |  1- 3 |  4- 6 |  7- 9 || total
-------------------------+-------+-------+-------++-------
Melee: Long sword        |    74 |   158 |    68 ||   300
       Headbutt          |    11 |    27 |    11 ||    49
  Use: Potion            |       |       |     1 ||     1
  Eat: Chunk             |     2 |     6 |     3 ||    11
Armor: Scale mail        |    33 |    51 |       ||    84
       Plate armour      |       |     9 |    56 ||    65
Dodge: Dodged            |    23 |    46 |    17 ||    86
Block: Shield            |    49 |    92 |    50 ||   191
       Rpst.: Long sword |     4 |    13 |     2 ||    19
